 Dungeon Crawl Stone Soup version 0.29.1-12-g30fa7ad0bf (webtiles) character file.

Game seed: 3022827280076610226

146147 retardedninja the Executioner (level 16, -14/155 HPs)
             Began as a Minotaur Fighter on Jan 11, 2023.
             Was an Initiate of Gozag.
             Demolished by an alligator snapping turtle (31 damage)
             ... on level 4 of the Shoals on Jan 12, 2023.
             The game lasted 00:59:16 (40015 turns).

retardedninja the Executioner (Minotaur Fighter)   Turns: 40015, Time: 00:59:16

Health: -14/155    AC: 30    Str: 29    XL:     16   Next: 89%
Magic:  0/15       EV: 11    Int:  5    God:    Gozag
Gold:   585        SH: 21    Dex: 13    Spells: 15/15 levels left

rFire   + . .      SeeInvis .   a - +9 war axe (freeze)
rCold   + + .      Faith    .   v - +2 tower shield {AC+3}
rNeg    . . .      Spirit   +   H - +1 plate armour {rF+}
rPois   +          Reflect  .   e - +2 hat
rElec   .          Harm     +   E - +0 cloak {rPois}
rCorr   .          Rampage  .   K - +0 pair of gloves
Will    +....                   w - +1 pair of boots
Stlth   ..........              N - amulet "Lougepty" {Spirit Harm rPois rC+ Stlth-}
HPRegen 0.35/turn               t - ring of Wishful Thinking {rC+ Dex+3}
MPRegen 0.14/turn               d - +4 ring of evasion

@: gold aura, on berserk cooldown, slowed, very slow
A: horns 2, retaliatory headbutt
a: Renounce Religion, Potion Petition, Call Merchant, Bribe Branch


You were on level 4 of the Shoals.
You worshipped Gozag.
Gozag was pleased with you.
You visited 5 branches of the dungeon, and saw 27 of its levels.
You visited the Abyss 1 time.

You collected 7919 gold pieces.
You spent 1815 gold pieces at shops.
You paid 5519 gold pieces to Gozag.

Inventory:

Hand Weapons
 a - a +9 war axe of freezing (weapon)
Missiles
 p - 3 throwing nets (quivered)
Armour
 e - a +2 hat (worn)
 v - a +2 tower shield of protection (worn)
 w - a +1 pair of boots (worn)
 E - a +0 cloak of poison resistance (worn)
 H - a +1 plate armour of fire resistance (worn)
 K - a +0 pair of gloves (worn)
Jewellery
 d - a +4 ring of evasion (right hand)
 i - a ring of see invisible
 l - a ring of poison resistance
 t - the ring of Wishful Thinking (left hand) {rC+ Dex+3}
   (You found it on level 3 of the Dungeon)

   [ring of protection from cold]

   Dex:       It affects your dexterity (+3).
   rC:        It protects you from cold.
 F - a ring of wizardry
 N - the amulet "Lougepty" (around neck) {Spirit Harm rPois rC+ Stlth-}
   (You bought it in a shop on level 14 of the Dungeon)

   [amulet of guardian spirit]

   It causes incoming damage to be divided between your reserves of health and
   magic.
   rC:        It protects you from cold.
   rPois:     It protects you from poison.
   Harm:      It increases damage dealt and taken.
   Stlth:     It makes you less stealthy.
Wands
 g - a wand of charming (22)
 o - a wand of mindburst (6)
 s - a wand of acid (4)
 z - a wand of digging (14)
 B - a wand of roots (19)
 D - a wand of flame (28)
Scrolls
 c - a scroll of enchant weapon
 f - 2 scrolls of teleportation
 h - 3 scrolls of vulnerability
 j - a scroll of blinking
 k - 7 scrolls of identify
 n - 4 scrolls of poison
 y - 8 scrolls of immolation
 C - 4 scrolls of amnesia
 G - a scroll of torment
 I - a scroll of butterflies
Potions
 m - 5 potions of brilliance
 q - 5 potions of mutation
 r - 2 potions of flight
 u - 6 potions of lignification
 x - a potion of attraction
 J - a potion of cancellation {unknown}
Miscellaneous
 A - a phantom mirror (inert)
 L - a phial of floods


   Skills:
 + Level 17.0 Fighting
 * Level 21.0 Axes
 + Level 17.1 Armour
 + Level 17.1 Shields
 + Level 7.2 Evocations


You had 15 spell levels left.
You didn't know any spells.
Your spell library contained the following spells:

 Spells                   Type           Power      Damage    Failure   Level
 Magic Dart               Conj           0%         1d3       100%        1
 Necrotise                Necr           0%         1d4       100%        1
 Call Imp                 Summ           0%         N/A       100%        2
 Static Discharge         Conj/Air       0%         3-3/arc   100%        2
 Sublimation of Blood     Necr           0%         N/A       100%        2
 Wereblood                Tmut           0%         N/A       100%        2
 Conjure Flame            Conj/Fire      0%         6-21      100%        3
 Dazzling Flash           Conj/Hex       0%         N/A       100%        3
 Ignite Poison            Fire/Tmut/Pois 0%         N/A       100%        3
 Mephitic Cloud           Conj/Pois/Air  0%         N/A       100%        3
 Vampiric Draining        Necr           0%         2d6       100%        3
 Dispel Undead            Necr           0%         3d6       100%        4
 Iskenderun's Mystic Bla  Conj/Tloc      0%         2d3       100%        4
 Sticky Flame             Conj/Fire      0%         2d3       100%        4
 Agony                    Necr           0%         N/A       100%        5
 Lightning Bolt           Conj/Air       0%         1d11      100%        5
 Starburst                Conj/Fire      0%         6d3       100%        6
 Summon Hydra             Summ           0%         N/A       100%        7
 Maxwell's Capacitive Co  Air            0%         ∞         100%        8


Dungeon Overview and Level Annotations

Branches:
Dungeon (15/15)            Temple (1/1) D:4            Lair (5/5) D:8
 Shoals (4/4) Lair:2       Spider (0/4) Lair:2        Slime (0/5) Lair:4
    Orc (2/2) D:10            Elf (0/3) Orc:2        Vaults (0/5) D:14
 Depths (0/4) D:15

Altars:
Ashenzari
Cheibriados
Dithmenos
Elyvilon
Fedhas
Gozag
Hepliaklqana
Kikubaaqudgha
Makhleb
Nemelex Xobeh
Okawaru
Qazlal
Ru
Sif Muna
Trog
Uskayaw
Vehumet
Wu Jian
Xom
Yredelemnul
Zin
The Shining One
Lugonu

Shops:
D:13 (   D:14 =(:(   D:15 *   Orc:2 :(*[   Lair:5 ?

Annotations:
D:2 1 runed translucent door, Crazy Yiuf
D:9 2 transporters, PorkyPig's ghost, journeyman GrCj


Innate Abilities, Weirdness & Mutations

You have a pair of horns on your head.
You reflexively headbutt those who attack you in melee.


Message History

You slice the merfolk!! You freeze the merfolk!
You kill the merfolk!
You hear a splash.
You slash the alligator snapping turtle!
You freeze the alligator snapping turtle.
The alligator snapping turtle is no longer moving slowly.
You block the alligator snapping turtle's attack.
Things that are here:
8 gold pieces; a +0 trident; a +4 ring of protection You feel a strong urge to attack something.
You are no longer berserk.
You are exhausted.
You feel yourself slow down.
The alligator snapping turtle is distracted by your dazzling golden aura.
Things that are here:
8 gold pieces; a +0 trident; a +4 ring of protection
Okay, then. [a] - 280 gold - haste and brilliance [b] - 504 gold - resistance, might and haste [c] - 250 gold - heal wounds and berserk rage Purchase which effect?
You feel much better.
You're still recovering from your berserk rage.
The alligator snapping turtle hisses angrily.
You slash the alligator snapping turtle!
You freeze the alligator snapping turtle.
The alligator snapping turtle is no longer distracted by gold.
The alligator snapping turtle is heavily wounded.
You block the alligator snapping turtle's attack.
Your unstable footing causes you to fumble your attack.
The alligator snapping turtle bites you but does no damage.
Your unstable footing causes you to fumble your attack.
You block the alligator snapping turtle's attack.
Your unstable footing causes you to fumble your attack.
The alligator snapping turtle bites you!
* * * LOW HITPOINT WARNING * * *
Your unstable footing causes you to fumble your attack.
The alligator snapping turtle bites you!!
You die...
Your body crumbles into a pile of gold.

~~~~≈≈≈≈≈≈~........≈≈≈~≈~
~~~~≈≈≈≈≈≈~~......≈≈≈≈≈≈≈
~~~~≈≈≈≈≈~........≈≈≈≈≈≈≈
~~~~≈≈≈≈~~.........≈≈≈≈≈≈
~~~~~~≈≈≈~...........≈≈≈≈
~~~~~~#####...........~~~
~~~~~##~~~##..........~~~
~~~~~#~~~~~#..........~~~
~~~~~#~~@t~#.........~~~~
~≈~~~#~~$$~#........~~~~~
~≈≈≈~##$$~##.......~~~~~~
~≈≈≈≈≈##(##.......~~~≈~~~
~≈≈≈≈≈≈≈~~.......~~~≈≈~~~
~≈≈≈≈≈≈≈≈~~~~.~~~~≈≈≈≈~~~
~≈≈≈≈≈≈≈≈≈~~~~~~≈≈≈≈≈≈~~~
~≈≈≈≈≈≈≈≈≈≈≈≈≈≈≈≈≈≈≈≈≈~~~
~≈≈≈≈≈≈≈≈≈≈≈≈≈≈≈≈≈≈≈≈≈~~~


You could see an alligator snapping turtle.

Vanquished Creatures
  Rupert (D:14)
  Agnes (D:15)
  Donald (Shoals:3)
  The ghost of Ettath the Severer, a journeyman HOFi of Okawaru (Shoals:2)
  An orc warlord (Orc:2)
  A minotaur (Shoals:1)
  6 merfolk javelineers
  A fire dragon (Lair:5)
  4 merfolk impalers
  Josephine (D:15)
  A rakshasa (D:15)
  Erolcha (Orc:2)
  A great orb of eyes (shapeshifter) (D:15)
  3 hydras
  6 centaur warriors
  3 merfolk avatars
  An anaconda (shapeshifter) (D:9)
  A catoblepas (Lair:1)
  An ogre mage (D:15)
  4 satyrs
  3 boulder beetles
  7 two-headed ogres
  2 death knights (D:15)
  2 alligator snapping turtles
  2 merfolk aquamancers (Shoals:3)
  Urug (D:14)
  7 death yaks (Lair:5)
  3 orc high priests
  2 thrashing horrors (Abyss:2)
  A wretched star (Abyss:2)
  A sea snake (shapeshifter) (D:9)
  3 large abominations (Abyss:2)
  A glowing orange brain (D:15)
  9 sea snakes
  A phantasmal warrior (D:15)
  4 orc knights
  2 deep elf pyromancers
  Pikel (D:4)
  A lindwurm (Lair:5)
  8 fauns
  4 orc sorcerers (Orc:2)
  37 ugly things
  9 manticores
  7 cyclopes
  5 black mambas
  8 merfolk sirens
  Maurice (Orc:2)
  9 elephants
  2 torpor snails
  2 molten gargoyles (Lair:5)
  7 water nymphs
  3 gargoyles
  8 cane toads
  2 rime drakes (Lair:3)
  2 unseen horrors
  A hellion (Abyss:2)
  2 freezing wraiths
  7 komodo dragons
  An efreet (Abyss:2)
  An ancient zyme (Abyss:2)
  4 trolls
  36 merfolk
  3 meliai (Shoals:1)
  5 wind drakes
  2 polar bears
  A tarantella (Lair:2)
  11 snapping turtles
  Grinder (D:4)
  18 blink frogs
  7 slime creatures
  14 dream sheep
  3 shadows
  A culicivora (shapeshifter) (D:14)
  8 wraiths
  Sigmund (D:2)
  A spriggan (shapeshifter) (D:15)
  9 water elementals
  36 yaks
  7 wyverns
  4 basilisks
  5 humans (D:14)
  4 steam dragons
  5 vampire mosquitoes
  4 wargs
  An acid dragon (D:11)
  3 hell hounds (Lair:5)
  15 water moccasins
  28 orc warriors
  3 black bears
  A black bear (shapeshifter) (D:15)
  15 ogres
  A sky beast (D:7)
  3 ice beasts
  5 centaurs
  7 wolves
  2 phantoms
  4 small abominations (Abyss:2)
  4 kobold brigands
  8 bullfrogs
  A necrophage (D:6)
  3 gnoll sergeants (D:10)
  5 scorpions
  9 wights
  17 killer bees (D:10)
  3 howler monkeys (D:7)
  7 lava snakes
  2 hounds (D:4)
  4 jellies
  12 orc priests
  2 gnoll boudas
  5 iguanas
  20 orc wizards
  11 gnolls
  9 adders
  4 shadow imps
  4 white imps
  An ufetubus (D:5)
  2 worms
  2 dart slugs
  53 orcs
  8 bats
  5 endoplasms
  2 giant cockroaches (D:4)
  8 goblins
  7 hobgoblins
  10 jackals
  7 quokkas
  3 ball pythons
  5 frilled lizards (D:1)
  2 goblin zombies (D:5)
  3 hobgoblin zombies (D:5)
  12 kobolds
  A kobold skeleton (D:5)
  A kobold zombie (D:5)
  An orc skeleton (D:5)
  3 rats
  A butterfly (D:4)
  A lurking horror (Abyss:2)
  2 plants (Shoals:2)
767 creatures vanquished.

Vanquished Creatures (collateral kills)
  Louise (D:15)
  A merfolk impaler (Shoals:2)
  A centaur warrior (D:14)
  A cyclops (D:15)
  11 humans (D:14)
  A basilisk (D:14)
  A boggart simulacrum (D:14)
17 creatures vanquished.

Vanquished Creatures (others)
  A wizard (D:15)
  An orc (D:7)
  44 fungi
  152 plants
  6 starspawn tentacles (Abyss:2)
204 creatures vanquished.

Grand Total: 988 creatures vanquished

Notes
Turn   | Place    | Note
-------+----------+-------------------------------------------
     0 | D:1      | retardedninja the Minotaur Fighter began the quest for the
                  | Orb.
     0 | D:1      | Reached XP level 1. HP: 19/19 MP: 0/0
    21 | D:1      | Reached XP level 2. HP: 16/27 MP: 1/1
   518 | D:1      | Reached skill level 3 in Axes
   701 | D:1      | Reached XP level 3. HP: 33/33 MP: 2/2
  1344 | D:2      | Found a sacrificial altar of Ru.
  1559 | D:2      | Noticed Sigmund
  1575 | D:2      | HP: 1/33 [something (10)]
  1579 | D:2      | Killed Sigmund
  1580 | D:2      | Reached skill level 4 in Axes
  1580 | D:2      | Reached XP level 4. HP: 8/41 MP: 3/3
  1580 | D:2      | Reached XP level 5. HP: 9/47 MP: 4/4
  2147 | D:2      | Found a runed translucent door.
  2148 | D:2      | Noticed Crazy Yiuf
  2359 | D:3      | Found a faded altar of an unknown god.
  2454 | D:3      | Reached skill level 5 in Fighting
  2454 | D:3      | Reached skill level 5 in Armour
  2619 | D:3      | Identified the ring of Wishful Thinking {rC+ Dex+3}
  2685 | D:3      | Reached skill level 5 in Shields
  2811 | D:3      | Reached XP level 6. HP: 47/56 MP: 5/5
  2973 | D:4      | Found a staircase to the Ecumenical Temple.
  2998 | Temple   | Entered the Ecumenical Temple
  3109 | D:4      | Found a glowing silver altar of Zin.
  3352 | D:4      | Reached skill level 5 in Axes
  3352 | D:4      | Reached XP level 7. HP: 57/62 MP: 6/6
  3385 | D:4      | Noticed Grinder
  3390 | D:4      | Paralysed by Grinder for 3 turns
  3396 | D:4      | Noticed Pikel
  3400 | D:4      | Paralysed by Grinder for 5 turns
  3408 | D:4      | Killed Grinder
  3411 | D:4      | Killed Pikel
  3412 | D:4      | Reached skill level 6 in Axes
  3412 | D:4      | Reached XP level 8. HP: 52/71 MP: 7/7
  3531 | D:4      | Found an ancient bone altar of Kikubaaqudgha.
  3754 | D:5      | Entered Level 5 of the Dungeon
  3764 | D:5      | Found an iron altar of Okawaru.
  3916 | D:5      | Found a glowing golden altar of the Shining One.
  4374 | D:5      | Reached skill level 7 in Axes
  4665 | D:6      | Reached XP level 9. HP: 72/81 MP: 8/8
  5066 | D:6      | You fall into a shaft and drop 2 floors!
  5400 | D:7      | Found a stormy altar of Qazlal.
  5500 | D:7      | Reached skill level 8 in Axes
  5587 | D:7      | Found a sparkling altar of Nemelex Xobeh.
  6091 | D:7      | Found an opulent altar of Gozag.
  6104 | D:7      | Found a radiant altar of Vehumet.
  6112 | D:7      | Became a worshipper of Gozag Ym Sagoz the Greedy
  6398 | D:8      | Reached skill level 9 in Axes
  6398 | D:8      | Reached XP level 10. HP: 89/91 MP: 9/9
  6751 | D:8      | Found a blossoming altar of Fedhas.
  6886 | D:8      | Found a staircase to the Lair.
  6972 | D:8      | Found a white marble altar of Elyvilon.
  7345 | D:8      | Found a snail-covered altar of Cheibriados.
  7596 | D:9      | Noticed a two-headed ogre
  7597 | D:9      | Noticed a brown ugly thing
  7599 | D:9      | Noticed a deep elf pyromancer
  7599 | D:9      | Noticed a two-headed ogre
  7717 | D:9      | Noticed a centaur warrior
  7723 | D:9      | Saw a vision of the Shoals and the Spider Nest.
  7723 | D:9      | Found a broken altar of Ashenzari.
  7723 | D:9      | Noticed a manticore
  7723 | D:9      | Noticed a wolf spider
  7723 | D:9      | Noticed a torpor snail
  7723 | D:9      | Noticed a boulder beetle
  7723 | D:9      | Noticed a sea snake
  7723 | D:9      | Noticed a radroach
  7723 | D:9      | Noticed a merfolk siren
  7724 | D:9      | Noticed a wolf spider
  7724 | D:9      | Noticed an entropy weaver
  7953 | D:9      | Found a transporter.
  7956 | D:9      | Noticed PorkyPig's ghost (journeyman GrCj)
  7956 | D:9      | Noticed a two-headed ogre
  7958 | D:9      | Noticed a cyclops
  8072 | Lair:1   | Entered Level 1 of the Lair of Beasts
  8098 | Lair:1   | Reached skill level 10 in Fighting
  8098 | Lair:1   | Reached skill level 10 in Armour
  8098 | Lair:1   | Reached skill level 10 in Shields
  8209 | Lair:1   | Noticed a cane toad
  8217 | Lair:1   | Reached skill level 10 in Axes
  8223 | Lair:1   | Killed a cane toad
  8677 | Lair:1   | Noticed a five-headed hydra
  8692 | Lair:1   | Killed a 15-headed hydra
  8693 | Lair:1   | Reached XP level 11. HP: 24/101 MP: 10/10
  9827 | Lair:2   | Noticed a catoblepas
  9850 | Lair:1   | Killed a catoblepas
 10524 | Lair:2   | Reached skill level 11 in Axes
 10735 | Lair:2   | Found a hole to the Spider Nest.
 11646 | Lair:2   | Found a staircase to the Shoals.
 11872 | Lair:3   | Reached skill level 12 in Axes
 12504 | Lair:3   | Reached XP level 12. HP: 112/112 MP: 11/11
 12990 | Lair:3   | Reached skill level 13 in Axes
 13390 | Lair:4   | Noticed a five-headed hydra
 13400 | Lair:4   | Killed a ten-headed hydra
 13478 | Lair:4   | Found a staircase to the Slime Pits.
 13859 | Lair:4   | Identified the +6 buckler "Ili Foof" {-Tele rC- Int+8 SInv}
 13986 | Lair:5   | Entered Level 5 of the Lair of Beasts
 14664 | Lair:5   | Reached skill level 14 in Axes
 14739 | Lair:5   | Noticed a fire dragon
 14741 | Lair:5   | Found a large runed translucent door.
 14756 | Lair:5   | Found a large runed translucent door.
 15876 | Lair:5   | Reached XP level 13. HP: 122/122 MP: 12/12
 15915 | Lair:5   | Reached skill level 15 in Axes
 16450 | Lair:5   | Identified the +7 shortbow "Orb Guardian's Curse" {freeze,
                  | rCorr Dex+4}
 17076 | Lair:5   | Killed a fire dragon
 17297 | Lair:5   | Bought 2 scrolls of enchant weapon for 150 gold pieces
 17297 | Lair:5   | Bought a scroll of enchant armour for 75 gold pieces
 17297 | Lair:5   | Bought a scroll of enchant weapon for 75 gold pieces
 17439 | D:10     | Entered Level 10 of the Dungeon
 18151 | D:9      | Reached skill level 16 in Axes
 18414 | D:9      | Found a transporter.
 18548 | D:10     | Found a basalt altar of Yredelemnul.
 18987 | D:10     | Found a staircase to the Orcish Mines.
 19532 | D:10     | Found a hide-covered altar of Uskayaw.
 20009 | D:11     | Found a gate leading to a gauntlet.
 20356 | D:11     | Reached XP level 14. HP: 133/133 MP: 13/13
 21475 | D:13     | Reached skill level 17 in Axes
 21793 | D:13     | Reached skill level 1 in Evocations
 22387 | D:14     | Found Gieh's Antique Weapon Shop.
 22475 | D:14     | Found Jeiqis's Book Boutique.
 22630 | D:14     | Identified the +0 scale mail of the Final Spirits {rPois
                  | SInv}
 22682 | D:14     | Reached skill level 15 in Armour
 22791 | D:14     | Reached skill level 15 in Fighting
 22793 | D:14     | Reached skill level 15 in Shields
 22943 | D:14     | Found Isagey's Jewellery Shoppe.
 22950 | D:14     | Bought the amulet "Lougepty" {Spirit Harm rPois rC+ Stlth-}
                  | for 748 gold pieces
 22968 | D:14     | Noticed Rupert
 22983 | D:14     | Noticed Urug
 22983 | D:14     | Paralysed by Rupert for 2 turns
 22991 | D:14     | Killed Rupert
 22993 | D:14     | Found a gate to the Vaults.
 22998 | D:14     | Killed Urug
 22999 | D:14     | Reached skill level 18 in Axes
 23178 | D:14     | Identified the +1 ring mail of Card Tricks {+Inv rPois rC+
                  | Str+4}
 23203 | D:14     | Found Sines's Weapon Boutique.
 23566 | D:15     | Entered Level 15 of the Dungeon
 24048 | D:15     | Found Aheaffuh's Assorted Antiques.
 24050 | D:15     | Noticed Louise
 24066 | D:15     | Killed Louise
 24235 | Abyss:2  | Cast into level 2 of the Abyss (a wizard)
 24543 | Abyss:2  | Reached XP level 15. HP: 112/112 MP: 14/14
 24749 | Abyss:2  | Found a corrupted altar of Lugonu.
 24762 | Abyss:2  | Found a corrupted altar of Lugonu.
 24762 | Abyss:2  | Found a corrupted altar of Lugonu.
 24767 | Abyss:2  | Noticed a tentacled starspawn
 24793 | Abyss:2  | Found a shimmering blue altar of Sif Muna.
 24815 | Abyss:3  | Found a corrupted altar of Lugonu.
 24856 | D:15     | Escaped the Abyss
 26051 | D:15     | Noticed Josephine
 26062 | D:15     | Killed Josephine
 26620 | D:15     | Found a staircase to the Depths.
 26633 | D:15     | Reached skill level 19 in Axes
 27435 | D:15     | Noticed Agnes
 27451 | D:15     | Killed Agnes
 28333 | Orc:1    | Entered Level 1 of the Orcish Mines
 28737 | Orc:2    | Entered Level 2 of the Orcish Mines
 28747 | Orc:2    | Reached skill level 5 in Evocations
 28756 | Orc:2    | Noticed Maurice
 28763 | Orc:2    | Found Sexziupe's Book Emporium.
 28770 | Orc:2    | Killed Maurice
 28804 | Orc:2    | Noticed Erolcha
 28807 | Orc:2    | Found a staircase to the Elven Halls.
 28836 | Orc:2    | Killed Erolcha
 29091 | Orc:2    | Paralysed by an orc sorcerer for 5 turns
 29134 | Orc:2    | Noticed an orc warlord
 29155 | Orc:2    | Killed an orc warlord
 29336 | Orc:2    | Found Ajaygh's Antique Weapon Shoppe.
 29348 | Orc:2    | Found Oseum's Antique Armour Shoppe.
 29356 | Orc:2    | Bought a glowing tower shield for 247 gold pieces
 29441 | Orc:2    | Found Emomooji's General Store.
 29445 | Orc:2    | Paralysed by an orc sorcerer for 4 turns
 29665 | Orc:2    | Bought a phantom mirror for 520 gold pieces
 30208 | Shoals:1 | Entered Level 1 of the Shoals
 31722 | Shoals:1 | Reached XP level 16. HP: 94/151 MP: 11/15
 32286 | Shoals:1 | Found a hide-covered altar of Uskayaw.
 32395 | Shoals:1 | Identified the +6 arbalest of the Foot {flame, rPois}
 32993 | Shoals:1 | Reached skill level 20 in Axes
 34333 | Shoals:2 | You fall into a shaft and drop 1 floor!
 34374 | Shoals:3 | HP: 4/152 [water nymph/the raging water (41)]
 34587 | Shoals:3 | Noticed Donald
 34620 | Shoals:3 | Killed Donald
 35214 | Shoals:2 | Found a runed translucent gate.
 35215 | Shoals:2 | Found a runed translucent gate.
 35216 | Shoals:2 | Found a runed translucent gate.
 35217 | Shoals:2 | Noticed Ettath's ghost (journeyman HOFi)
 36801 | Shoals:2 | Killed Ettath's ghost
 39297 | Shoals:4 | Entered Level 4 of the Shoals
 39987 | Shoals:4 | Reached skill level 21 in Axes
 39996 | Shoals:4 | HP: 6/155 [alligator snapping turtle (38)]
 39997 | Shoals:4 | HP: 2/155 [merfolk/+0 trident (5)]
 40015 | Shoals:4 | Demolished by an alligator snapping turtle

Illustrated notes

Levels and vault maps discovered:
D:1:      dpeg_arrival_shelter, layout_loops_cross, minmay_misc_feat_iff,
          chequers_big_river
D:2:      layout_basic, basic_altar, uniq_sigmund, uniq_crazy_yiuf_cottage
D:3:      layout_loops_cross, hellmonk_ecumenical_altar_leap_of_faith
D:4:      layout_basic, kennysheep_mini, pf_just_have_faith,
          minmay_temple_entry_butterflies, uniq_pikel, uniq_grinder
D:5:      layout_rooms, mainiacjoe_overflow_tiny_flanked,
          nicolae_tso_besieged_by_evil, hangedman_abyss_or_decor_stagger
D:6:      layout_loops_cross, grunt_ministairs_3
D:7:      layout_gridville, nemelex_diamond_rough_becter, fiery_altar_vehumet,
          grunt_qazlal_sundering, nicolae_gozag_cash_rules_everything_around_me,
          st_stairs_10, nrook_loot_triangle
D:8:      layout_loops_ring, fedhas_ov_isle_minmay, kennysheep_little_box,
          overflow_temple_1_default, dpeg_oklobed_lair
D:9:      layout_grid_maze, grunt_ashenzari_visionary
          [grunt_ashenzari_visionary_shoals, grunt_ashenzari_visionary_spider],
          gammafunk_ghost_arena, minivault_28
D:10:     layout_cave_pods, nicolae_uskayaw_suspiria,
          mainiacjoe_overflow_brackets, kennysheep_orc_monster_closet_entryway,
          kennysheep_generic_room_8
D:11:     layout_loops_ring, gauntlet_entry_generic
D:12:     layout_basic
D:13:     layout_small_grid, fountainhead, chequers_decorated_corner,
          kennysheep_generic_room_10
D:14:     layout_basic, david_vaults_3, serial_shops,
          nicolae_shop_overgrown_old_shop, shop, nicolae_shop_stone, shop
D:15:     gammafunk_enter_depths_forms, layout_layer_cave, kennysheep_doodads,
          serial_shops, nicolae_shop_stone, uniq_josephine, uniq_agnes,
          uniq_louise
Temple:   corrupted_temple
Lair:1:   layout_chaotic_city
Lair:2:   layout_cave_pods, elwin_shoals_entry_rooms, spider_nest_entry_rubble
Lair:3:   layout_misc_corridors, grunt_megastairs_3
Lair:4:   layout_roguey, slime_entry_1, minmay_holes, uniq_rupert
Lair:5:   cheibrodos_lair_end_hotspot, layout_hall_layers, st_stairs_6
Shoals:1: layout_shoals, regret_index_shoals_crete
Shoals:2: layout_shoals, ebering_ghost_rock_garden, nicolae_shoals_hunting_party
Shoals:3: layout_shoals, uniq_donald
Shoals:4: shoals_end_simple, layout_shoals, nicolae_shoals_elemental_ambush
Orc:1:    layout_caves, basic_altar, kennysheep_orc_chapel
Orc:2:    grunt_orc_gardens, layout_caves, grunt_orc_garden, grunt_orc_garden,
          grunt_orc_garden, grunt_orc_garden, nicolae_orc_lost_temple,
          uniq_erolcha, uniq_maurice

Skill      XL: |  1  2  3  4  5  6  7  8  9 10 11 12 13 14 15 16 |
---------------+-------------------------------------------------+-----
Fighting       | 4 5 6 7 9 10 12 13 14 15 16 17 | 17.0
Shields        | 4 5 6 7 9 10 12 13 14 15 16 17 | 17.1
Armour         | 4 5 6 8 9 10 12 13 14 15 16 17 | 17.1
Axes           | 3 4 5 6 7 9 10 12 14 16 18 19 21 | 21.0
Evocations     | 3 5 7 |  7.2

Action                   |  1- 3 |  4- 6 |  7- 9 | 10-12 | 13-15 | 16-18 || total
-------------------------+-------+-------+-------+-------+-------+-------++-------
Melee: War axe           |    73 |    86 |   224 |   466 |  1059 |   444 ||  2352
       Headbutt          |    10 |     8 |    56 |    97 |   242 |   105 ||   518
Invok: Potion Petition   |       |       |       |     2 |       |     6 ||     8
       Call Merchant     |       |       |       |       |     2 |       ||     2
Evoke: Wand              |       |       |       |     1 |       |     6 ||     7
       Phantom mirror    |       |       |       |       |       |     2 ||     2
  Use: Scroll            |     5 |     9 |     5 |    14 |    20 |     9 ||    62
       Potion            |     3 |     1 |     3 |     8 |    14 |     8 ||    37
 Stab: Invisible         |       |     1 |       |       |       |       ||     1
       Distracted        |       |       |       |     4 |    10 |     3 ||    17
       Petrified         |       |       |       |     1 |       |       ||     1
Armor: Scale mail        |    39 |    39 |    40 |       |       |       ||   118
       Plate armour      |       |       |    85 |   367 |   435 |   196 ||  1083
       Skin              |       |       |       |       |       |     6 ||     6
Dodge: Dodged            |    29 |    57 |   149 |   306 |   389 |   111 ||  1041
Block: Buckler           |    19 |    21 |    71 |   160 |   170 |       ||   441
       Tower shield      |       |       |       |       |   389 |   515 ||   904
